 Dungeon Crawl Stone Soup version 0.31-a0-1447-g87ca8d402b (webtiles) character file.

Game seed: 2270782351587448018

483 NogeeEf the Sneak (level 6, -1/36 HPs)
             Began as a Vampire Earth Elementalist on Dec 27, 2023.
             Was an Initiate of Kikubaaqudgha.
             Slain by a wight
             ... wielding a +5 long sword
              (12 damage)
             ... on level 5 of the Dungeon.
             The game lasted 00:17:47 (3876 turns).

NogeeEf the Sneak (Vampire Earth Elementalist)      Turns: 3876, Time: 00:17:48

Health: -1/36      AC:  2    Str:  6 (7)  XL:     6   Next: 88%
Magic:  10/10      EV: 18    Int: 17      God:    Kikubaaqudgha [......]
Gold:   159        SH:  0    Dex: 15 (17) Spells: 7/11 levels left

rFire   . . .        s - +2 dagger (elec)
rCold   + + .        (no shield)
rNeg    + + +        a - +0 robe
rPois   ∞            (no helmet)
rElec   .            (no cloak)
rCorr   .            (no gloves)
SInv    +            (no boots)
Will    .....        (no amulet)
Stlth   +++++        m - ring of wizardry
HPRegen 0.00/turn    B - +5 ring of evasion
MPRegen 0.12/turn

%: wizardry (x1)
@: bloodless, inhibited regen
A: bloodless, fangs 3, see invisible, vampiric 2
a: Bat Form, Revivify, Renounce Religion


You were on level 5 of the Dungeon.
You worshipped Kikubaaqudgha.
Kikubaaqudgha was noncommittal.
You visited 2 branches of the dungeon, and saw 6 of its levels.
You also visited: Sewer.

You collected 159 gold pieces.

Inventory:

Hand Weapons
 c - a +0 short sword
 g - a +0 dagger
 s - a +2 dagger of electrocution (weapon)
Armour
 a - a +0 robe (worn)
 C - an orb of energy
Jewellery
 h - a ring of poison resistance
 m - a ring of wizardry (left hand)
 B - a +5 ring of evasion (right hand)
Talismans
 n - a granite talisman
Scrolls
 f - 2 scrolls of teleportation {unknown}
 i - a scroll of fear {unknown}
 k - 2 scrolls of identify {unknown}
 l - 4 scrolls of revelation
 r - a scroll of silence
 t - a scroll of immolation {unknown}
 v - a scroll of acquirement {unknown}
 w - a scroll of enchant weapon {unknown}
 x - 2 scrolls of amnesia {unknown}
 y - a scroll of butterflies {unknown}
Potions
 d - 2 potions of heal wounds {unknown}
 e - 2 potions of attraction {unknown}
 j - a potion of berserk rage {unknown}
 o - 3 potions of enlightenment
 p - 2 potions of curing
 q - a potion of lignification {unknown}
 u - 3 potions of mutation {unknown}
 z - a potion of haste {unknown}
 A - a potion of ambrosia {unknown}
 D - a potion of brilliance {unknown}


   Skills:
 + Level 2.4 Fighting
 + Level 2.7 Short Blades
 + Level 3.9 Dodging
 + Level 5.4 Stealth
 + Level 3.2 Spellcasting
 + Level 4.1 Earth Magic
 - Level 1.1 Alchemy


You had 7 spell levels left.
You knew the following spells:

 Your Spells              Type           Power      Damage    Failure   Level
a - Sandblast             Erth           34%        2d9       1%          1
b - Stone Arrow           Conj/Erth      18%        3d8       9%          3

Your spell library contained the following spells:

 Spells                   Type           Power      Damage    Failure   Level
 Passwall                 Erth           17%        N/A       3%          3
 Shock                    Conj/Air       8%         1d3       7%          1
 Swiftness                Air            2%         N/A       21%         3
 Petrify                  Alch/Erth      11%        N/A       22%         4
 Brom's Barrelling Bould  Conj/Erth      9%         2d3       28%         4
 Airstrike                Air            1%         2d(1-17)  52%         4


Dungeon Overview and Level Annotations

Branches:
Dungeon (5/15)             Temple (1/1) D:4           Sewer (visited)

Altars:
Ashenzari
Cheibriados
Dithmenos
Hepliaklqana
Kikubaaqudgha
Nemelex Xobeh
Okawaru
Qazlal
Ru
Sif Muna
Trog
Uskayaw
Xom
Yredelemnul

Annotations:
D:4 2 transporters, ChongLi's ghost, weakling DsDe
D:5 Sigmund


Innate Abilities, Weirdness & Mutations

You do not regenerate when monsters are visible.
You are frail without blood (-20% HP).
You can heal yourself when you bite living creatures.
You are immune to poison.
You have razor-sharp teeth.
You have supernaturally acute eyesight. (SInv)
You are afflicted with vampirism and can become a bat while bloodless.


Message History

The wight is severely damaged.
The wight barely misses you. The wight attacks as it pursues you!
The wight hits you with a +4 dagger. The wight attacks as it pursues you!
The wight barely misses you.
Casting: Sandblast (safe; 1% risk of failure)
Confirm with . or Enter, or press ? or * to list all spells.
Aiming: Sandblast (safe; 1% risk of failure)
Press: ? - help, Shift-Dir - straight line, f/p - wight
Aim: a wight, wielding a +4 dagger and wearing a +0 robe (82% to hit)
The blast of sand hits the wight but does no damage.
The wight hits you with a +4 dagger!
Casting: Sandblast (safe; 1% risk of failure)
Confirm with . or Enter, or press ? or * to list all spells.
Aiming: Stone Arrow (dangerous; 9% risk of failure)
Press: ? - help, Shift-Dir - straight line, f/p - wight
Aim: a wight, wielding a +4 dagger and wearing a +0 robe (64% to hit)
The stone arrow hits the wight!
The wight is almost destroyed.
The wight hits you with a +4 dagger.
You fail to use your ability.
The wight hits you with a +4 dagger!
Casting: Stone Arrow (dangerous; 9% risk of failure)
Confirm with . or Enter, or press ? or * to list all spells.
Aiming: Stone Arrow (dangerous; 9% risk of failure)
Press: ? - help, Shift-Dir - straight line, f/p - wight
Aim: a wight, wielding a +4 dagger and wearing a +0 robe (almost destroyed, 64% to hit)
The stone arrow hits the wight!
You destroy the wight!
Kikubaaqudgha accepts your kill.
You feel your dexterity returning.
Casting: Stone Arrow (dangerous; 9% risk of failure)
Confirm with . or Enter, or press ? or * to list all spells.
You don't have enough magic to cast this spell.
Unknown command.
An orc comes into view. It is wielding a +0 club.
An orc comes into view. It is wielding a +0 club.
Magic courses through your body.
You fail to use your ability.
The wight hits you with a +5 long sword!
You die...
Kikubaaqudgha rasps: "You have failed me!
Welcome... oblivion!"

#.##>. ##.##.# #......
#.....### #......
#.......### #......
#....##...# ......
#....##...## .....
#....###...# ....
##.###
#.#.###############.##
#.#
#....@z.....B..)......
#.#
###..##############.##
#.# ...... #.# #.#
#..o...# #.# ##.##
#......# #.. #...#
#......# ### #...#
#...o..# #...#
######.. #...#


You could see a bombardier beetle, a wight and 2 orcs.

Vanquished Creatures
  A phantom (D:4)
  A kobold brigand (Sewer)
  A wight (D:5)
  2 jellies
  A hound (D:5)
  6 gnolls
  6 adders
  2 worms (D:5)
  2 dart slugs
  2 orcs
  7 endoplasms
  3 giant cockroaches
  7 goblins
  8 hobgoblins
  4 jackals
  2 quokkas (D:4)
  8 ball pythons
  4 bats
  5 frilled lizards
  6 kobolds
  9 rats
87 creatures vanquished.

Notes
Turn   | Place    | Note
-------+----------+-------------------------------------------
     0 | D:1      | NogeeEf the Vampire Earth Elementalist began the quest for
                  | the Orb.
     0 | D:1      | Reached XP level 1. HP: 13/13 MP: 3/3
   226 | D:1      | Reached XP level 2. HP: 20/20 MP: 5/5
   733 | D:1      | Gained mutation: You are afflicted with vampirism and can
                  | become a bat while bloodless. [Vampire growth]
   733 | D:1      | Reached XP level 3. HP: 19/25 MP: 1/6
   836 | D:2      | Reached skill level 1 in Fighting
   919 | D:2      | Found a faded altar of an unknown god.
   927 | D:2      | Reached skill level 1 in Short Blades
  1097 | D:2      | Learned a level 3 spell: Stone Arrow
  1232 | D:3      | Reached XP level 4. HP: 25/25 MP: 7/7
  1234 | D:3      | Found a glowing drain.
  1403 | D:3      | Reached skill level 4 in Stealth
  1414 | Sewer    | Entered a sewer
  1484 | Sewer    | Noticed a kobold brigand
  1568 | Sewer    | Killed a kobold brigand
  1569 | Sewer    | Reached XP level 5. HP: 29/29 MP: 1/9
  2436 | D:4      | Found a transporter.
  2437 | D:4      | Noticed ChongLi's ghost (weakling DsDe)
  2749 | D:4      | Found a transporter.
  2783 | D:4      | Found a staircase to the Ecumenical Temple.
  2793 | Temple   | Entered the Ecumenical Temple
  2813 | Temple   | Became a worshipper of Kikubaaqudgha
  3323 | D:4      | Noticed a phantom
  3333 | D:4      | Killed a phantom
  3334 | D:4      | Reached skill level 5 in Stealth
  3334 | D:4      | Reached XP level 6. HP: 15/35 MP: 4/10
  3502 | D:5      | Entered Level 5 of the Dungeon
  3795 | D:5      | Noticed Sigmund
  3876 | D:5      | Slain by a wight

Illustrated notes

Levels and vault maps discovered:
D:1:      orjb1_lava_funnel, layout_basic, corexii_leaking_fountain
D:2:      layout_rooms, basic_ecumenical_altar
D:3:      layout_loops_cross, mainiacjoe_sewer_entry_somewhere_in_here_2,
          glass_columns_a, kennysheep_generic_room_12
D:4:      layout_basic, minmay_temple_entry_glass, gammafunk_ghost_stat_death,
          nicolae_zig_zag_zippers
D:5:      layout_basic, kennysheep_mini, grunt_gozag_breadcrumbs,
          makhleb_altar_promises_db, uniq_sigmund
Temple:   lightli_temple_of_artemis

Skill      XL: |  1  2  3  4  5  6 |
---------------+-------------------+-----
Fighting       | 1 2 |  2.4
Short Blades   | 1 2 |  2.7
Stealth        | 4 5 |  5.4
Dodging        | 3 |  3.9
Spellcasting   | 3 |  3.2
Earth Magic    | 4 |  4.1
Alchemy        | |  1.1

Action                     |  1- 3 |  4- 6 || total
---------------------------+-------+-------++-------
  Melee: Short sword       |    20 |       ||    20
         Bite              |     1 |     2 ||     3
         Dagger            |     8 |    34 ||    42
   Cast: Sandblast         |    30 |    54 ||    84
         Stone Arrow       |       |    13 ||    13
Ability: Exsanguinate      |     2 |       ||     2
         End Transformatio |       |     2 ||     2
         Bat Form          |       |     2 ||     2
    Use: Scroll            |       |     2 ||     2
         Potion            |       |     2 ||     2
   Stab: Sleeping          |    11 |    16 ||    27
 Armour: Robe              |    22 |    43 ||    65
  Dodge: Dodged            |    44 |    63 ||   107

Table legend: (Time is in decaauts)
 A = Elapsed time spent in this place.
 B = Non-inter-level travel time spent in this place.
 C = Inter-level travel time spent in this place.
 D = Time resting spent in this place.
 E = Time spent auto-exploring this place.
 F = Levels seen in this place.
 G = Mean time per level.
                   A        B        C        D        E       F      G
               +--------+--------+--------+--------+--------+-----+--------+
         Total |   3951 |   3577 |    374 |    519 |   2126 |   7 |  564.4 |
       Dungeon |   3516 |   3180 |    336 |    391 |   2078 |   5 |  703.2 |
        Temple |     43 |      5 |     38 |      0 |      0 |   1 |   43.0 |
         Sewer |    392 |    392 |      0 |    128 |     48 |   1 |  392.0 |
               +--------+--------+--------+--------+--------+-----+--------+

Top non-repeatable levels by time:
     D:4: 1056 daAuts
     D:3: 865 daAuts
     D:1: 777 daAuts
     D:2: 517 daAuts
   Sewer: 392 daAuts
     D:5: 300 daAuts
  Temple: 43 daAuts
